 Dungeon Crawl Stone Soup version 0.20.0-10-g0535bb4 (console) character file.

60 jeanjacques the Charlatan (level 4, 0/38 HPs)
             Began as a Ghoul Artificer on June 5, 2017.
             Slain by an ooze (1 damage)
             ... on level 4 of the Dungeon.
             The game lasted 00:02:13 (299 turns).

jeanjacques the Charlatan (Ghoul Artificer)          Turns: 299, Time: 00:02:14

Health: 0/38       AC:  4    Str: 16    XL:     4   Next: 4%
Magic:  5/5        EV: 11    Int:  6    God:
Gold:   22         SH:  0    Dex:  9    Spells: 3/3 levels left

rFire    . . .     SeeInvis .   a - +0 short sword
rCold    + . .     Gourm    .   (no shield)
rNeg     + + +     Faith    .   b - +0 leather armour
rPois    ∞         Spirit   .   (no helmet)
rElec    .         Reflect  .   (no cloak)
rCorr    .         Harm     .   (no gloves)
MR       .....                  l - +0 pair of boots
Stlth    +.........             (no amulet)
Regen    0.0/turn               (no ring)
MPRegen  0.1/turn               (no ring)

@: rotting
A: rotting body, claws 1, carnivore 3, cold resistance 1, negative energy
resistance 3, inhibited regeneration, torment resistance, unbreathing
a: no special abilities


You were on level 4 of the Dungeon.
You were not hungry.

You visited 1 branch of the dungeon, and saw 4 of its levels.

You collected 22 gold pieces.

Inventory:

Hand Weapons
 a - a +0 short sword (weapon)
Armour
 b - a +0 leather armour (worn)
 l - a +0 pair of boots (worn)
Wands
 c - a wand of flame (10/48)
 d - a wand of enslavement (14/24)
 e - a wand of random effects (15/48)
Potions
 h - a potion of flight {unknown}
 i - a potion of brilliance {unknown}
Comestibles
 f - 2 meat rations
 g - 4 chunks of flesh {@w1}
 k - a royal jelly


   Skills:
 + Level 3.1 Fighting
 - Level 0.8 Short Blades
 - Level 1.7 Dodging
 - Level 1.1 Stealth
 + Level 3.5 Evocations


You had 3 spell levels left.
You didn't know any spells.

Dungeon Overview and Level Annotations

Branches:
Dungeon (4/15)
 Temple: D:4-7

Altars:


Innate Abilities, Weirdness & Mutations

Your body is rotting away.
You thrive on raw meat.
You are immune to poison.
You have sharp fingernails.
You are carnivorous and can eat meat at any time.
Your flesh is cold resistant. (rC+)
You are immune to negative energy. (rN+++)
You do not regenerate when monsters are visible.
You are immune to unholy pain and torment.
You can survive without breathing.


Message History

The orc is almost dead.
The orc hits you with a club.
* * * LOW HITPOINT WARNING * * *
You hit the orc but do no damage.
The orc is almost dead.
The orc misses you.
Evoke which item? (* to show all) (? for menu, Esc to quit)
Aiming: Throw Flame
Aim: an orc, wielding a club (almost dead)
The puff of flame hits the orc.
You kill the orc!
This wand has 12 charges left.
Evoke which item? (* to show all) (? for menu, Esc to quit)
Aiming: Throw Flame
Aim: an adder skeleton The puff of flame hits the adder skeleton.
The adder skeleton is severely damaged.
This wand has 11 charges left.
The adder skeleton barely misses you.
You barely miss the adder skeleton.
The adder skeleton is severely damaged.
The adder skeleton barely misses you. The ooze hits you but does no damage.
The adder skeleton closely misses you.
You hit the adder skeleton.
The adder skeleton is almost destroyed.
The ooze hits you but does no damage. The adder skeleton misses you.
You hit the adder skeleton.
You destroy the adder skeleton!
You have reached level 4!
You hear the slow rusting of a distant drain.
The ooze hits you.
* * * LOW HITPOINT WARNING * * *
Things that are here:
a club; an orc corpse Evoke which item? (* to show all) (? for menu, Esc to quit)
Aiming: Throw Flame
Aim: an ooze The puff of flame hits the ooze.
The ooze is heavily wounded.
This wand has 10 charges left.
The ooze hits you.
You die...

#.# ..... #<#
.... #[# ### #.#
#)# #.#####.#
#.......#
#.#######
#..nJ..#
#.####.##
#.###...#
#######.##.###.#
........#.## #.#
#######...# .#
###.# # ##.# #..


You could see an ooze.

Vanquished Creatures
  A worker ant (D:4)
  An adder (D:2)
  An adder skeleton (D:4)
  A leopard gecko (D:1)
  4 orcs
  2 goblins (D:1)
  A hobgoblin (D:2)
  A frilled lizard (D:2)
  A kobold (D:1)
  2 rats
15 creatures vanquished.

Vanquished Creatures (collateral kills)
  2 adders (D:2)
2 creatures vanquished.

Grand Total: 17 creatures vanquished

Notes
Turn   | Place    | Note
-------+----------+-------------------------------------------
     0 | D:1      | jeanjacques the Ghoul Artificer began the quest for the Orb.
     0 | D:1      | Reached XP level 1. HP: 16/16 MP: 1/1
    89 | D:2      | Reached skill level 3 in Evocations
    89 | D:2      | Reached XP level 2. HP: 13/24 MP: 1/3
    91 | D:2      | Reached skill level 2 in Fighting
   170 | D:2      | Reached XP level 3. HP: 14/30 MP: 4/4
   263 | D:4      | Reached skill level 3 in Fighting
   275 | D:4      | HP: 1/31 [orc/club (4)]
   281 | D:4      | Reached XP level 4. HP: 2/38 MP: 5/5
   281 | D:4      | HP: 1/38 [ooze (1)]
   299 | D:4      | Slain by an ooze

Skill      XL: |  1  2  3 |
---------------+----------+-----
Evocations     | 3 |  3.5
Fighting       | 2 3 |  3.1
Short Blades   | |  0.8
Dodging        | |  1.7
Stealth        | |  1.1

Action                   |  1- 3 |  4- 6 || total
-------------------------+-------+-------++-------
Melee: Short sword       |    67 |       ||    67
Evoke: Wand              |     5 |     1 ||     6
  Use: Scroll            |     1 |       ||     1
  Eat: Chunk             |     6 |       ||     6
Armor: Leather armour    |    21 |       ||    21
Dodge: Dodged            |    43 |       ||    43

Table legend:
 A = Turns spent in this place as a percentage of turns spent in the entire game.
 B = Non-inter-level travel turns spent in this place as a percentage of non-inter-level travel turns spent in the entire game.
 C = Inter-level travel turns spent in this place as a percentage of turns spent in this place.
 D = Turns resting spent in this place as a percentage of non-inter-level travel turns spent in this place.
 E = Turns spent auto-exploring this place as a percentage of non-inter-level travel turns spent in this place.
 F = Non-inter-level travel turns spent in this place divided by the number of levels of this place that you've seen.
                   A       B       C       D       E      F
               +-------+-------+-------+-------+-------+----------------------
         Total | 100.0 | 100.0 |   0.0 |   0.0 |   5.0 |  65.2
       Dungeon | 100.0 | 100.0 |   0.0 |   0.0 |   5.0 |  65.2
               +-------+-------+-------+-------+-------+----------------------

Table legend:
 A = Kills in this place as a percentage of kills in entire the game.
 B = Kills by you in this place as a percentage of kills by you in the entire game.
 C = Kills by friends in this place as a percentage of kills by friends in the entire game.
 D = Other kills in this place as a percentage of other kills in the entire game.
 E = Experience gained in this place as a percentage of experience gained in the entire game.
 F = Experience gained in this place divided by the number of levels of this place that you have seen.
                   A       B       C       D       E      F
               +-------+-------+-------+-------+-------+----------------------
         Total | 100.0 | 100.0 | 100.0 |  -nan | 100.0 |  21.5
       Dungeon | 100.0 | 100.0 | 100.0 |  -nan | 100.0 |  21.5
               +-------+-------+-------+-------+-------+----------------------

Vault maps used:
D:1:      lightli_arrival_flooded_house
D:2:      corexii_shack, hangedman_glass_teeth
D:3:      uniq_robin, uniq_ijyb, uniq_jessica
D:4:      first_bread, cheibrodos_sewer_entry_bend, grunt_ministairs_10,
          minmay_misc_feat_more_columns, minmay_misc_feat_secret_circle,
          kennysheep_generic_room_4

Action                   |  1- 3 |  4- 6 || total
-------------------------+-------+-------++-------
Melee: Short sword       |    67 |       ||    67
Evoke: Wand              |     5 |     1 ||     6
  Use: Scroll            |     1 |       ||     1
  Eat: Chunk             |     6 |       ||     6
Armor: Leather armour    |    21 |       ||    21
Dodge: Dodged            |    43 |       ||    43
